 Seeded DCSS version 0.29.1-15-g9cfb28693d (webtiles) character file.

Game seed: 3837929106072049330 (custom seed)

284 Gelion the Shield-Bearer (level 6, -17/58 HPs)
             Began as a Gargoyle Fighter on Mar 28, 2023.
             Demolished by an ogre
             ... wielding a +0 giant club
              (21 damage)
             ... on level 4 of the Dungeon.
             The game lasted 00:06:16 (4170 turns).

Gelion the Shield-Bearer (Gargoyle Fighter)         Turns: 4170, Time: 00:06:17

Health: -17/58     AC: 23    Str: 21    XL:     6   Next: 29%
Magic:  6/6        EV:  2    Int:  9    God:
Gold:   187        SH:  4    Dex:  9    Spells: 5/5 levels left

rFire   + . .      SeeInvis .   q - +0 trident (venom)
rCold   + . .      Faith    .   c - +0 buckler
rNeg    + . .      Spirit   .   (body armour currently unavailable)
rPois   ∞          Reflect  .   (helmet currently unavailable)
rElec   +          Harm     .   (cloak currently unavailable)
rCorr   +          Rampage  .   (gloves currently unavailable)
Will    .....      NoTele   +   (boots currently unavailable)
Stlth   +.........              (no amulet)
HPRegen 0.19/turn               (no ring)
MPRegen 0.10/turn               (no ring)

@: tree-form, resistant
A: stationary, stasis, torment immunity, boosted hp, sickness immunity, AC +4,
negative energy resistance 1, (electricity resistance), torment resistance 1,
petrification resistance
a: no special abilities


You were on level 4 of the Dungeon.
You were a tree.
You visited 1 branch of the dungeon, and saw 4 of its levels.

You collected 187 gold pieces.

Inventory:

Hand Weapons
 q - a +0 trident of venom (weapon)
Armour
 c - a +0 buckler (worn)
 i - a +0 plate armour (melded)
 l - a +0 kite shield
 n - a +0 helmet (melded)
 p - a +0 pair of gloves (melded)
Scrolls
 e - 5 scrolls of identify
 g - a scroll of poison {unknown}
 j - 3 scrolls of teleportation {unknown}
 k - a scroll of vulnerability {unknown}
 m - a scroll of amnesia {unknown}
Potions
 d - a potion of might
 f - a potion of degeneration {unknown}
 o - a potion of lignification


   Skills:
 + Level 4.4 Fighting
 * Level 3.8 Polearms
 + Level 4.4 Armour
 + Level 4.4 Shields


You had 5 spell levels left.
You didn't know any spells.
Your spell library contained the following spells:

 Spells                   Type           Power      Damage    Failure   Level
 Apportation              Tloc           0%         N/A       45%         1
 Foxfire                  Conj/Fire      0%         2x1d4     45%         1
 Conjure Flame            Conj/Fire      0%         6-21      83%         3
 Inner Flame              Hex/Fire       0%         N/A       83%         3
 Flame Wave               Conj/Fire      0%         2d4       99%         4
 Alistair's Intoxication  Tmut/Pois      0%         N/A       100%        5


Dungeon Overview and Level Annotations

Branches:
Dungeon (4/15)
 Temple: D:4-7

Altars:
Fedhas
Gozag
Vehumet
Xom
Yredelemnul
Zin


Innate Abilities, Weirdness & Mutations

You are a tree.
Your roots penetrate the ground, keeping you stationary.
You cannot be teleported.
You are immune to unholy pain and torment.
Your maximum health is greatly increased.
Your equipment is partially melded.
You are immune to sickness and miasma.
((Your stone body is resilient. (AC +4)))
You are immune to poison.
You resist negative energy. (rN+)
((You are resistant to electric shocks. (rElec)))
You are resistant to unholy torment.
You are immune to petrification.


Message History

The ogre shouts!
Found a stone staircase leading up.
You see here 18 gold pieces.
You reach to attack!
You barely miss the ogre. The ogre hits you but does no damage.
You closely miss the ogre. You completely miss the ogre.
The ogre hits you with a +0 giant club!
You closely miss the ogre. The ogre hits you but does no damage.
You hit the ogre but do no damage. The ogre barely misses you.
You barely miss the ogre. You hit the ogre.
The ogre is lightly wounded.
The ogre barely misses you.
You barely miss the ogre.
The ogre is lightly wounded.
The ogre hits you with a +0 giant club!
You hit the ogre.
The ogre is moderately wounded.
The ogre hits you with a +0 giant club!
* * * LOW HITPOINT WARNING * * *
You barely miss the ogre.
The ogre is moderately wounded.
Unknown command.
The ogre attacks as you move away! The ogre hits you with a +0 giant club.
* * * LOW HITPOINT WARNING * * *
As you read the scroll labelled QUBONEJ ZORAU, it crumbles to dust.
It is a scroll of identify.
o - 2 potions of lignification You block the ogre's attack.
It was a potion of resistance.
You feel protected.
Really quaff the potion of lignification?
You turn into a tree.
Your +0 helmet melds into your body.
Your +0 pair of gloves melds into your body.
Your +0 plate armour melds into your body.
Your roots penetrate the ground.
The ogre hits you with a +0 giant club.
* * * LOW HITPOINT WARNING * * *
It was a potion of magic.
Magic courses through your body.
The ogre hits you with a +0 giant club!!
You die...

.## #........
###...###.......
#####...............
..................###
...............#....#
...................#
..................#
#.........<#....#
#####
######....O♣....#....#
#....
#......$.....####..).#
#.... #............#
#....# #....
#.......###### #....#
#.... #.......#
###)####.... #.......#
#.)..#.... #.......#
####...... #.......#
######## ##.....
#<......+
..#....######..###


You could see an ogre.

Vanquished Creatures
  A scorpion (D:4)
  Terence (D:3)
  An iguana (D:4)
  4 gnolls (D:4)
  7 adders
  A shadow imp (D:3)
  2 worms
  5 orcs (D:4)
  5 ball pythons
  6 endoplasms
  3 giant cockroaches
  6 goblins
  5 hobgoblins
  2 quokkas
  2 bats (D:3)
  A frilled lizard (D:2)
  6 kobolds
  5 rats
63 creatures vanquished.

Notes
Turn   | Place    | Note
-------+----------+-------------------------------------------
     0 | D:1      | Gelion the Gargoyle Fighter began the quest for the Orb.
     0 | D:1      | Reached XP level 1. HP: 14/14 MP: 1/1
   660 | D:1      | Reached XP level 2. HP: 19/19 MP: 2/2
  1130 | D:2      | Found an opulent altar of Gozag.
  1138 | D:2      | Reached XP level 3. HP: 19/23 MP: 3/3
  1772 | D:2      | Reached XP level 4. HP: 26/29 MP: 4/4
  2367 | D:3      | Found a faded altar of an unknown god.
  3026 | D:3      | Found a radiant altar of Vehumet.
  3027 | D:3      | Found a shimmering altar of Xom.
  3029 | D:3      | Noticed Terence
  3052 | D:3      | Killed Terence
  3053 | D:3      | Reached XP level 5. HP: 6/33 MP: 5/5
  3318 | D:3      | Found a glowing silver altar of Zin.
  3432 | D:3      | Found a blossoming altar of Fedhas.
  3433 | D:3      | Found a basalt altar of Yredelemnul.
  3986 | D:4      | Reached XP level 6. HP: 20/39 MP: 6/6
  4170 | D:4      | Demolished by an ogre

Illustrated notes

Levels and vault maps discovered:
D:1:      dpeg_arrival_snail, layout_basic
D:2:      layout_basic, basic_altar
D:3:      layout_basic, zin_statuary, mainiacjoe_overflow_alcove_3,
          shapermc_ecumenical_altar_starsandcircs,
          chequers_serial_rivers_micro_a, interstate_on_off, uniq_terence
D:4:      kennysheep_six_static_rooms, layout_basic

Skill      XL: |  1  2  3  4 |
---------------+-------------+-----
Polearms       | 2 3 |  3.8
Fighting       | 4 |  4.4
Armour         | 4 |  4.4
Shields        | 4 |  4.4

Action                   |  1- 3 |  4- 6 || total
-------------------------+-------+-------++-------
Melee: Trident           |   106 |   182 ||   288
  Use: Potion            |       |     3 ||     3
       Scroll            |       |     1 ||     1
Armor: Scale mail        |    34 |       ||    34
       Plate armour      |    19 |    84 ||   103
Dodge: Dodged            |    32 |    38 ||    70
Block: Buckler           |    16 |    28 ||    44
